 Dungeon Crawl Stone Soup version 0.29.1-2-gbd0b4ee654 (webtiles) character file.

Game seed: 4425798769767897570

24072 cdecastro the Destroyer (level 13, -10/82 HPs)
             Began as a Tengu Air Elementalist on Nov 17, 2022.
             Was a Priest of Vehumet.
             Mangled by a skeletal warrior
             ... wielding a +0 glaive
              (23 damage)
             ... on level 14 of the Dungeon on Nov 19, 2022.
             The game lasted 01:25:35 (22575 turns).

cdecastro the Destroyer (Tengu Air Elementalist)   Turns: 22575, Time: 01:25:36

Health: -10/82     AC:  6    Str:  9    XL:     13   Next: 10%
Magic:  4/28       EV: 29    Int: 19    God:    Vehumet [***...]
Gold:   492        SH:  0    Dex: 20    Spells: 10/32 levels left

rFire   . . .      SeeInvis .   c - +5 great sword (freeze)
rCold   . . .      Faith    .   (shield currently unavailable)
rNeg    . . .      Spirit   .   p - +2 leather armour "Nuoro" {Dex+4}
rPois   .          Reflect  .   (helmet restricted)
rElec   .          Harm     .   (no cloak)
rCorr   .          Rampage  .   j - +0 pair of gloves
Will    .....                   (boots unavailable)
Stlth   ++........              (no amulet)
HPRegen 0.23/turn               i - +4 ring of evasion
MPRegen 0.21/turn               E - +4 ring of evasion

@: flying quickly and evasively, quick
A: beak, talons 3, nimble flight
a: Renounce Religion


You were on level 14 of the Dungeon.
You worshipped Vehumet.
Vehumet was most pleased with you.
You visited 2 branches of the dungeon, and saw 15 of its levels.
You also visited: Ossuary.

You collected 932 gold pieces.
You spent 440 gold pieces at shops.

Inventory:

Hand Weapons
 a - a +2 sling of flaming
 b - the +4 quick blade "Reab" {vorpal, +Blink Dex+3}
   (You found it on level 12 of the Dungeon)

   It inflicts extra damage upon your enemies.
   Dex:       It affects your dexterity (+3).
   +Blink:    It lets you blink.
 c - a +5 great sword of freezing (weapon)
 Q - a +3 trident of venom
Missiles
 e - 4 atropa-tipped darts
 w - 48 poisoned darts
 T - 6 javelins
 W - 2 curare-tipped darts
 Y - 3 boomerangs
Armour
 j - a +0 pair of gloves (worn)
 p - the +2 leather armour "Nuoro" (worn) {Dex+4}
   (You found it on level 3 of the Dungeon)

   Dex:       It affects your dexterity (+4).
 y - a +3 ring mail
Jewellery
 i - a +4 ring of evasion (left hand)
 o - a ring of resist corrosion
 q - a ring of protection from cold
 t - a ring of fire
 z - a ring of see invisible
 E - a +4 ring of evasion (right hand)
 Z - a ring of protection from cold
Wands
 s - a wand of polymorph (11)
 L - a wand of charming (5)
 M - a wand of flame (11)
 O - a wand of mindburst (15)
 U - a wand of iceblast (13)
Scrolls
 f - 3 scrolls of fear
 m - 3 scrolls of butterflies
 n - 2 scrolls of teleportation
 u - 2 scrolls of magic mapping
 x - a scroll of silence
 A - a scroll of torment
 B - a scroll of immolation
 C - 2 scrolls of enchant weapon
 D - a scroll of poison
 F - a scroll of brand weapon
 K - 2 scrolls of vulnerability
 N - a scroll of amnesia
 S - a scroll of summoning
 V - a scroll of blinking
Potions
 d - a potion of haste
 h - 5 potions of curing
 k - 4 potions of flight
 l - 3 potions of cancellation
 r - 4 potions of might
 v - 4 potions of mutation
 G - a potion of ambrosia
 I - a potion of brilliance
 J - 2 potions of heal wounds
 R - a potion of invisibility
 X - a potion of attraction
Miscellaneous
 P - a phial of floods


   Skills:
 - Level 10.0 Fighting
 - Level 5.0 Armour
 - Level 10.0 Dodging
 - Level 2.0 Stealth
 - Level 10.0 Spellcasting
 + Level 14.3 Conjurations
 - Level 10.0 Air Magic


You had 10 spell levels left.
You knew the following spells:

 Your Spells              Type           Power      Damage    Failure   Level
a - Shock                 Conj/Air       100%       1d9       1%          1
b - Static Discharge      Conj/Air       54%        3-10/arc  1%          2
c - Swiftness             Air            47%        N/A       1%          3
d - Airstrike             Air            23%        2d(4-20)  1%          4
e - Searing Ray           Conj           100%       2d8       1%          2
f - Orb of Destruction    Conj           29%        9d9       6%          7
g - Mephitic Cloud        Conj/Pois/Air  40%        N/A       1%          3

Your spell library contained the following spells:

 Spells                   Type           Power      Damage    Failure   Level
 Necrotise                Necr           36%        1d5       10%         1
 Summon Lightning Spire   Summ/Air       28%        N/A       12%         4
 Sublimation of Blood     Necr           9%         N/A       14%         2
 Wereblood                Tmut           9%         N/A       14%         2
 Ozocubu's Armour         Ice            9%         N/A       28%         3
 Summon Guardian Golem    Hex/Summ       9%         N/A       28%         3
 Vampiric Draining        Necr           9%         2d6       28%         3
 Spellforged Servitor     Conj/Summ      18%        N/A       69%         7
 Maxwell's Capacitive Co  Air            23%        ∞         92%         8
 Agony                    Necr           9%         N/A       95%         5
 Ozocubu's Refrigeration  Ice            4%         4d8       100%        7
 Storm Form               Tmut/Air       14%        N/A       100%        7
 Summon Hydra             Summ           4%         N/A       100%        7


Dungeon Overview and Level Annotations

Branches:
Dungeon (14/15)            Temple (1/1) D:4            Lair (0/5) D:9
    Orc (0/2) D:12        Ossuary (visited)
 Vaults: D:13-14

Altars:
Ashenzari
Cheibriados
Dithmenos
Elyvilon
Fedhas
Gozag
Hepliaklqana
Kikubaaqudgha
Makhleb
Nemelex Xobeh
Okawaru
Qazlal
Ru
Sif Muna
Trog
Uskayaw
Vehumet
Wu Jian
Xom
Yredelemnul
Zin
The Shining One

Shops:
D:9 [   D:11 :

Annotations:
D:2 Jessica
D:3 Terence
D:5 exclusion: black bear
D:6 Dowan, Duvessa
D:8 Erica
D:13 Rupert


Innate Abilities, Weirdness & Mutations

You have a beak for a mouth.
You have claws for feet.
Your magical nature lets you fly swiftly and evasively.


Message History

The skeletal warrior hits you from afar with a +0 glaive!
You shoot a sling bullet.
The sling bullet closely misses the skeletal warrior.
The skeletal warrior barely misses you. x2
You shoot a sling bullet.
The sling bullet closely misses the skeletal warrior.
The skeletal warrior closely misses you.
Your +2 sling of flaming stops flaming.
You feel agile.
b - the +4 quick blade "Reab" (weapon)
{vorpal, +Blink Dex+3} The skeletal warrior hits you from afar with a +0 glaive!!
* * * LOW HITPOINT WARNING * * *
The skeletal warrior hits you with a +0 glaive.
* * * LOW HITPOINT WARNING * * *
You hit the skeletal warrior. You punch the skeletal warrior.
The skeletal warrior is almost destroyed.
You hit the skeletal warrior but do no damage.
Your kick misses the skeletal warrior. Your peck misses the skeletal warrior.
The skeletal warrior is almost destroyed.
The skeletal warrior closely misses you.
You hit the skeletal warrior but do no damage.
The skeletal warrior is almost destroyed.
The skeletal warrior hits you with a +0 glaive!!
* * * LOW HITPOINT WARNING * * *
You hit the skeletal warrior but do no damage.
You claw the skeletal warrior. Your peck misses the skeletal warrior.
The skeletal warrior is almost destroyed.
Your +5 great sword of freezing glows with a cold blue light!
c - a +5 great sword of freezing (weapon)
The skeletal warrior completely misses you.
You hit the skeletal warrior but do no damage.
You claw the skeletal warrior, but do no damage.
The skeletal warrior is almost destroyed.
The skeletal warrior hits you with a +0 glaive.
* * * LOW HITPOINT WARNING * * *
The skeletal warrior completely misses you.
You completely miss the skeletal warrior.
The skeletal warrior is almost destroyed.
The skeletal warrior hits you with a +0 glaive!!
You die...

###'##### #.# #.##
#..# ###'####
#......# ###
#.>....# ....
#......#### .....
#.@z...'..###......
#......##...'......
#......######......
######## #####


You could see a skeletal warrior.

Vanquished Creatures
  Louise (D:14)
  4 hydras
  A boulder beetle (D:11)
  2 centaur warriors
  5 two-headed ogres
  A tengu warrior (D:14)
  Nergalle (D:11)
  Urug (D:11)
  5 skeletal warriors
  An ugly thing (D:13)
  2 cyclopes
  Joseph (D:9)
  A gargoyle (D:13)
  3 kobold demonologists
  6 trolls
  A hornet (D:8)
  Grinder (D:3)
  3 slime creatures
  A centaur simulacrum (D:14)
  A wyvern (D:10)
  3 shadows
  5 wraiths
  3 steam dragons
  5 vampire mosquitoes
  An acid dragon (D:11)
  5 water moccasins
  2 orc warriors
  An ice beast (D:7)
  An ogre (D:6)
  2 wolves (D:9)
  A centaur (D:8)
  2 phantoms
  A gnoll sergeant (D:10)
  4 kobold brigands
  2 bullfrogs
  2 necrophages
  A scorpion (D:6)
  5 wights
  15 killer bees
  3 electric eels (D:9)
  8 howler monkeys
  A human zombie (Ossuary)
  7 hounds
  2 gnoll boudas
  8 orc priests
  Ijyb (D:3)
  4 iguanas
  7 orc wizards
  A mummy (D:6)
  11 gnolls
  3 adders
  A shadow imp (D:7)
  4 white imps
  An ufetubus (D:6)
  2 worms (D:3)
  3 dart slugs
  46 orcs
  3 bats
  7 endoplasms
  3 giant cockroaches
  12 goblins
  3 hobgoblins
  7 jackals
  6 quokkas
  6 ball pythons
  A frilled lizard (D:3)
  21 kobolds
  A kobold zombie (D:6)
  An orc zombie (D:6)
  10 rats
297 creatures vanquished.

Notes
Turn   | Place    | Note
-------+----------+-------------------------------------------
     0 | D:1      | cdecastro the Tengu Air Elementalist began the quest for
                  | the Orb.
     0 | D:1      | Reached XP level 1. HP: 10/10 MP: 4/4
   425 | D:1      | Reached XP level 2. HP: 15/15 MP: 4/6
   587 | D:1      | Learned a level 2 spell: Static Discharge
   624 | D:1      | Reached skill level 5 in Air Magic
  1026 | D:1      | Reached XP level 3. HP: 17/19 MP: 4/7
  2070 | D:2      | Learned a level 3 spell: Swiftness
  2075 | D:2      | Noticed Jessica
  2226 | D:2      | Reached XP level 4. HP: 19/24 MP: 3/8
  2578 | D:3      | Noticed Grinder
  2671 | D:3      | Found an ornate altar of the Wu Jian Council.
  2853 | D:3      | Identified the +2 leather armour "Nuoro" {Dex+4}
  3237 | D:3      | Noticed Ijyb
  3245 | D:3      | Killed Ijyb
  3246 | D:3      | Gained mutation: Your magical nature lets you fly swiftly
                  | and evasively. [Tengu growth]
  3246 | D:3      | Reached XP level 5. HP: 18/28 MP: 2/9
  3483 | D:3      | Noticed Terence
  3580 | D:3      | Paralysed by Grinder for 3 turns
  3588 | D:3      | Killed Grinder
  3589 | D:3      | Reached XP level 6. HP: 15/32 MP: 1/10
  3967 | D:4      | Found a staircase to the Ecumenical Temple.
  3978 | Temple   | Entered the Ecumenical Temple
  4116 | Temple   | Became a worshipper of Vehumet
  4165 | D:4      | Noticed a black bear
  4408 | D:5      | Entered Level 5 of the Dungeon
  4761 | D:5      | Noticed a water moccasin
  4766 | D:5      | Killed a water moccasin
  4767 | D:5      | Reached skill level 10 in Air Magic
  4767 | D:5      | Reached XP level 7. HP: 25/36 MP: 4/12
  4863 | D:5      | Learned a level 4 spell: Airstrike
  5745 | D:6      | Noticed Duvessa
  5745 | D:6      | Noticed Dowan
  5745 | D:6      | Noticed a steam dragon
  5805 | D:6      | Found a sand-covered staircase.
  6006 | Ossuary  | Entered an ossuary
  6853 | D:6      | Reached skill level 5 in Spellcasting
  6947 | D:6      | Reached XP level 8. HP: 34/41 MP: 11/16
  8007 | D:7      | Noticed a wraith
  8018 | D:7      | Killed a wraith
  8347 | D:7      | Reached XP level 9. HP: 45/45 MP: 12/22
  8671 | D:7      | Identified the +1 robe "Qienk" {Rampage}
  8957 | D:7      | Reached * piety under Vehumet
  8957 | D:7      | Offered knowledge of Freeze by Vehumet.
  9807 | D:8      | Noticed a troll
  9944 | D:8      | Killed a troll
  9945 | D:8      | Reached skill level 10 in Spellcasting
 10014 | D:8      | Noticed a hornet
 10204 | D:8      | Killed a hornet
 10349 | D:8      | Reached skill level 5 in Fighting
 10349 | D:8      | Reached XP level 10. HP: 59/59 MP: 21/25
 10751 | D:8      | Noticed Erica
 10751 | D:8      | Noticed a two-headed ogre
 10801 | D:8      | Killed a two-headed ogre
 10802 | D:8      | Reached skill level 5 in Dodging
 10904 | D:9      | Noticed Joseph
 11067 | D:9      | Offered knowledge of Searing Ray by Vehumet.
 11085 | D:9      | Reached ** piety under Vehumet
 11120 | D:9      | Reached skill level 5 in Armour
 11120 | D:9      | Reached skill level 2 in Conjurations
 11125 | D:8      | Learned a level 2 spell: Searing Ray
 11259 | D:9      | Killed Joseph
 11260 | D:9      | Reached skill level 4 in Conjurations
 11551 | D:9      | Noticed a two-headed ogre
 11624 | D:9      | Reached skill level 5 in Conjurations
 11715 | D:9      | Killed a two-headed ogre
 12034 | D:9      | Found Lomoul's Armour Emporium.
 12327 | D:9      | Found a staircase to the Lair.
 12382 | D:9      | Reached XP level 11. HP: 67/67 MP: 14/26
 12653 | D:10     | Entered Level 10 of the Dungeon
 12811 | D:10     | Offered knowledge of Inner Flame by Vehumet.
 13177 | D:10     | Found a burning altar of Makhleb.
 13785 | D:10     | Reached *** piety under Vehumet
 13835 | D:11     | Noticed Urug
 13842 | D:11     | Killed Urug
 14064 | D:11     | Noticed a boulder beetle
 14193 | D:11     | Noticed a two-headed ogre
 14277 | D:11     | Noticed Nergalle
 14544 | D:11     | Killed Nergalle
 14956 | D:11     | Killed a boulder beetle
 14957 | D:11     | Reached skill level 10 in Fighting
 15174 | D:11     | Found Miluf's Book Boutique.
 15190 | D:11     | Killed a two-headed ogre
 15316 | D:11     | Bought a book of Dangerous Friends for 440 gold pieces
 15324 | D:11     | Learned a level 7 spell: Orb of Destruction
 15352 | D:11     | You are sucked into a shaft and drop 2 floors!
 15436 | D:13     | Noticed a seven-headed hydra
 15526 | D:13     | Noticed a four-headed hydra
 15537 | D:13     | Killed a four-headed hydra
 16336 | D:12     | Noticed a six-headed hydra
 16592 | D:12     | Offered knowledge of Mephitic Cloud by Vehumet.
 16601 | D:12     | Learned a level 3 spell: Mephitic Cloud
 16740 | D:12     | Found a staircase to the Orcish Mines.
 16959 | D:12     | Identified the +4 quick blade "Reab" {vorpal, +Blink Dex+3}
 17018 | D:12     | Noticed a two-headed ogre
 17021 | D:12     | Killed a two-headed ogre
 17022 | D:12     | Reached XP level 12. HP: 77/77 MP: 14/27
 17321 | D:12     | Reached skill level 10 in Dodging
 17834 | D:12     | Killed a six-headed hydra
 17835 | D:12     | Reached skill level 6 in Conjurations
 18061 | D:13     | Reached **** piety under Vehumet
 18062 | D:13     | Reached skill level 7 in Conjurations
 18276 | D:13     | Noticed a five-headed hydra
 18298 | D:13     | Killed a five-headed hydra
 18299 | D:13     | Reached skill level 8 in Conjurations
 18503 | D:13     | Noticed a centaur warrior
 18505 | D:13     | Noticed Rupert
 18508 | D:13     | Killed a centaur warrior
 18509 | D:13     | Reached skill level 9 in Conjurations
 19462 | D:14     | Noticed a two-headed ogre
 19478 | D:14     | Killed a two-headed ogre
 19479 | D:14     | Reached skill level 10 in Conjurations
 19557 | D:14     | Noticed a tengu warrior
 19585 | D:14     | Killed a tengu warrior
 19817 | D:14     | Reached skill level 11 in Conjurations
 19866 | D:14     | Noticed a centaur warrior
 19870 | D:14     | Killed a centaur warrior
 19954 | D:14     | Noticed a five-headed hydra
 19958 | D:14     | Killed a five-headed hydra
 19959 | D:14     | Reached skill level 12 in Conjurations
 20206 | D:14     | Noticed Louise
 20524 | D:14     | Killed Louise
 20788 | D:13     | Reached skill level 13 in Conjurations
 21101 | D:13     | Reached XP level 13. HP: 79/82 MP: 11/28
 22235 | D:14     | Reached skill level 14 in Conjurations
 22575 | D:14     | Mangled by a skeletal warrior

Illustrated notes

Levels and vault maps discovered:
D:1:      minmay_arrival_semitransparent, layout_basic, minmay_door_square
D:2:      layout_loops_ring, uniq_jessica
D:3:      kennysheep_goblin_castle, layout_rooms,
          nicolae_wu_jian_immortal_techniques, bh_walls_and_bars, uniq_grinder,
          uniq_terence
D:4:      gammafunk_wand_slinger, layout_layer_cave, minmay_temple_entry_tees,
          hangedman_decor_riveting, nicolae_shop_fire_sale
          [nicolae_sub_dead_trees], uniq_ijyb
D:5:      layout_loops_ring
D:6:      layout_rooms, nicolae_ossuary_entry_giza,
          hangedman_abyss_or_decor_passed, uniq_duvessa
D:7:      layout_gridville, minmay_starry_boxes
D:8:      layout_loops_ring, uniq_erica
D:9:      layout_loops_ring, erik_lair_island, serial_shops,
          nicolae_inconvenience_store, uniq_joseph
D:10:     layout_loops_ring, old_standard_altar
D:11:     layout_roguey, serial_shops, shop, chequers_serial_rivers_micro_e,
          uniq_urug, uniq_nergalle
D:12:     layout_long_grid, hiddenorc2_lemuel, grunt_decor_resistance
D:13:     layout_roguey, david_vaults_5, uniq_rupert
D:14:     layout_roguey, hex_medium, uniq_louise, uniq_nessos
Temple:   nicolae_temple_bog_church

Skill      XL: |  1  2  3  4  5  6  7  8  9 10 11 12 13 |
---------------+----------------------------------------+-----
Air Magic      | 5 6 7 9 10 | 10.0
Spellcasting   | 3 5 8 10 | 10.0
Fighting       | 5 7 10 | 10.0
Dodging        | 5 9 10 | 10.0
Armour         | 5 |  5.0
Conjurations   | 5 13 14 | 14.3
Stealth        | |  2.0

Action                   |  1- 3 |  4- 6 |  7- 9 | 10-12 | 13-15 || total
-------------------------+-------+-------+-------+-------+-------++-------
Melee: Short sword       |     9 |    26 |     3 |       |       ||    38
       Kick              |     2 |    10 |     2 |     6 |     2 ||    22
       Peck              |     1 |     4 |       |     4 |       ||     9
       Great sword       |       |       |       |    21 |     2 ||    23
       Quick blade       |       |       |       |       |     4 ||     4
       Punch             |       |       |       |       |     1 ||     1
 Fire: Sling             |       |       |       |    62 |     8 ||    70
Throw: Dart              |       |     2 |       |       |       ||     2
 Cast: Shock             |    56 |    13 |    35 |     4 |       ||   108
       Static Discharge  |    15 |    34 |    38 |    35 |       ||   122
       Airstrike         |       |       |    69 |   191 |    51 ||   311
       Searing Ray       |       |       |       |    31 |       ||    31
       Mephitic Cloud    |       |       |       |    18 |       ||    18
  Use: Scroll            |       |       |     9 |    22 |     2 ||    33
       Potion            |       |       |       |     1 |       ||     1
 Stab: Distracted        |       |     1 |       |       |       ||     1
Armor: Robe              |     4 |     1 |       |       |       ||     5
       Leather armour    |       |     9 |     3 |    11 |       ||    23
Dodge: Dodged            |    18 |    32 |    32 |   170 |    35 ||   287
